 Dungeon Crawl Stone Soup version 0.19.1 (webtiles) character file.

53 luca467 the Skirmisher (level 3, 29/29 HPs)
             Began as a Mummy Chaos Knight on Dec 14, 2016.
             Quit the game on level 2 of the Dungeon on Dec 18, 2016.
             The game lasted 00:09:36 (1448 turns).

luca467 the Skirmisher (Mummy Chaos Knight)         Turns: 1448, Time: 00:09:38

Health: 29/29      AC:  5    Str: 16    XL:     3   Next: 64%
Magic:  4/4        EV:  8    Int: 11    God:    Xom [.....*]
Gold:   65         SH: 11    Dex: 11    Spells: 0 memorised, 4 levels left

rFire  x . .     SeeInvis .     a - +0 mace (chaos)
rCold  + . .     Gourm    .     b - +2 leather armour
rNeg   + + +     Faith    .     h - +0 shield
rPois  ∞         Spirit   .     (no helmet)
rElec  .         Reflect  +     (no cloak)
rCorr  .         Harm     .     (no gloves)
MR     .....                    (no boots)
Stlth  +.........               e - +4 amulet of reflection
                                (no ring)
                                (no ring)

@: no status effects
A: no food or potions, fire vulnerability, cold resistance 1, negative energy
resistance 3, torment resistance, unbreathing
a: Renounce Religion


You were on level 2 of the Dungeon.
You worshipped Xom.
You were Xom's teddy bear.
You were not hungry.

You visited 1 branch of the dungeon, and saw 2 of its levels.

You collected 65 gold pieces.

Inventory:

Hand Weapons
 a - a +0 mace of chaos (weapon)
Armour
 b - a +2 leather armour (worn)
 g - a +0 ring mail
 h - a +0 shield (worn)
Jewellery
 e - a +4 amulet of reflection (around neck)
Scrolls
 c - a scroll of identify
 d - a scroll of teleportation
 f - 2 scrolls of remove curse
 i - a scroll of random uselessness {unknown}


   Skills:
 * Level 3.6 Fighting
 * Level 2.8 Maces & Flails
 + Level 1.9 Armour
 + Level 1.1 Dodging
 + Level 1.0 Spellcasting


You had 4 spell levels left.
You didn't know any spells.

Dungeon Overview and Level Annotations

Branches:
Dungeon (2/15)

Altars:
Xom


Innate Abilities, Weirdness & Mutations

You do not eat or drink.
Your flesh is vulnerable to fire.
You are immune to poison.
Your flesh is cold resistant. (rC+)
You are immune to negative energy. (rN+++)
You are immune to unholy pain and torment.
You can survive without breathing.


Message History

The ooze quivers.
You see here a club.
You see here a scroll labeled OLLOWA TICK.
i - a scroll labeled OLLOWA TICK You see here a club.
You see here 13 gold pieces.
You now have 61 gold pieces (gained 13).
You block the ooze's attack.
You hit the ooze.
The ooze is heavily wounded.
The ooze barely misses you.
You sock the ooze!
You kill the ooze!
HP restored.
You now have 65 gold pieces (gained 4).
Found a mace.
Welcome back, luca467 the Mummy Chaos Knight.
Xom snickers.
Press ? for a list of commands and other information.
Are you sure you want to abandon this character and quit the game? (Confirm with "yes".)

........) .........
......... #........
###############........
##......................
........................
................@#
.................#
)...[............#
...#.............#
..#.!............#
.#...............#
#..).............#
.................#
.##..............#


There were no monsters in sight!

Vanquished Creatures
  An adder (D:1)
  An ooze (D:2)
  A worm (D:1)
  A dart slug (D:1)
  2 leopard geckos (D:1)
  A bat (D:1)
  5 giant cockroaches (D:1)
  4 goblins (D:1)
  2 hobgoblins
  2 jackals (D:1)
  6 kobolds
  2 frilled lizards (D:1)
  2 rats (D:1)
30 creatures vanquished.

Notes
Turn   | Place    | Note
-------+----------+-------------------------------------------
     0 | D:1      | luca467 the Mummy Chaos Knight began the quest for the Orb.
     0 | D:1      | Reached XP level 1. HP: 18/18 MP: 1/1
   499 | D:1      | Reached skill level 1 in Dodging
   519 | D:1      | Reached XP level 2. HP: 24/24 MP: 2/2
   692 | D:1      | XOM: butterfly on damage
   850 | D:1      | XOM: cast spell 'Summon Small Mammal'
   990 | D:1      | Reached skill level 1 in Spellcasting
   998 | D:1      | Reached XP level 3. HP: 13/29 MP: 4/4
  1193 | D:1      | XOM: silly message
  1390 | D:1      | XOM: scenery: create altars
  1448 | D:2      | Quit the game

Skill      XL: |  1  2 |
---------------+-------+-----
Dodging        | 1 |  1.1
Spellcasting   | 1 |  1.0
Fighting       | |  3.6
Maces & Flails | |  2.8
Armour         | |  1.9

Action                   || total
-------------------------++-------
Melee: Mace              ||   108
  Use: Scroll            ||     4
Armor: Leather armour    ||    43
Dodge: Dodged            ||    56
Block: Other             ||    16
       Reflection        ||     2
       Shield            ||     7
